[Event "Titled Tuesday Blitz December 06 Late 2022"]
[White "Renjith, Sravan"]
[Black "Kravtsiv, Martyn"]
[WhiteFideId "4306783"]
[BlackFideId "14113147"]
[WhiteElo "2072"]
[BlackElo "2695"]
[Result "0-1"]
[Round "03"]
[TimeControl "180+1"]
[Date "2022.12.06"]
[WhiteClock "0:00:01"]
[BlackClock "0:00:17"]

1. Nf3 Nf6 2. g3 c5 3. c3 b6 4. Bg2 Bb7 5. O-O g6 6. d4 Bg7 7. Nbd2 O-O 8. Qc2 cxd4 9. cxd4 d5 10. Ne5 Nfd7 11. Ndf3 f6 12. Nxd7 Qxd7 13. Bf4 Nc6 14. e4 Rac8 15. Qe2 dxe4 16. Qxe4 Nb4 17. Qe3 Nc2 18. Qb3+ Kh8 19. Rac1 Bd5 20. Qd3 Bc4 21. Qd2 Bxf1 22. Bxf1 Nxd4 23. Qxd4 Qxd4 24. Nxd4 e5 25. Ne6 exf4 26. Rd1 Rfe8 27. Nxf4 Rcd8 28. Rc1 Bh6 29. Rc7 Bxf4 30. gxf4 Rd2 31. Rxa7 Rxb2 32. h4 Rb4 33. h5 Rxf4 34. hxg6 hxg6 35. Bd3 Rd8 36. Bc2 Rd2 37. Bb3 Rfxf2 38. Rb7 Rg2+ 39. Kf1 Rdf2+ 40. Ke1 Rb2 41. Kf1 Rgf2+ 42. Kg1 Rfd2 43. Rb8+ Kg7 44. Rb7+ Kh6 45. Kf1 Rb1+ 0-1


[Site "https://www.chess.com"]

[Event "Titled Tuesday Blitz December 06 Late 2022"]
[White "Reprintsev, Alexander"]
[Black "Silva, Pedro Gil Ferreira Da"]
[WhiteFideId "14100541"]
[BlackFideId "1946102"]
[WhiteElo "2230"]
[BlackElo "2241"]
[Result "0-1"]
[Round "03"]
[TimeControl "180+1"]
[Date "2022.12.07"]
[WhiteClock "0:00:01"]
[BlackClock "0:01:08"]

1. e4 c5 2. b3 Nf6 3. e5 Nd5 4. Nc3 Nxc3 5. dxc3 Nc6 6. Nf3 g6 7. Bc4 Bg7 8. O-O O-O 9. Bf4 a6 10. a4 b6 11. Qd2 Bb7 12. Rad1 Qc7 13. Qxd7 Qxd7 14. Rxd7 Na5 15. Bd5 Bxd5 16. Rxd5 e6 17. Rd6 Rab8 18. Rfd1 Rb7 19. Kf1 h6 20. h4 Re8 21. Ke2 Kf8 22. c4 Ke7 23. R1d3 Rc8 24. g4 Nc6 25. g5 h5 26. Bg3 Nb4 27. Rd2 Rcc7 28. Ne1 b5 29. axb5 axb5 30. cxb5 Rxb5 31. f4 Rbb7 32. Nd3 Nd5 33. Bf2 Bf8 34. Bxc5 Ke8 35. Rxd5 exd5 36. Bxf8 Kxf8 37. Ke3 Ke7 38. Ne1 Rb4 39. Nf3 Re4+ 40. Kf2 Rxf4 41. Kg3 Re4 42. Nd4 Rxe5 43. Rd3 Re4 44. c3 Rg4+ 45. Kh3 Ra7 46. Re3+ Kd7 47. Rf3 Ra1 48. Rxf7+ Kd6 49. Kh2 Ra2+ 50. Kh3 Ra1 51. Kh2 Rxh4+ 52. Kg3 Rg4+ 53. Kf2 Rxg5 54. Nb5+ Kc5 55. c4 dxc4 56. bxc4 Kxc4 57. Nd6+ Kd5 58. Ne8 Rf5+ 59. Rxf5+ gxf5 60. Nf6+ Ke5 61. Nxh5 Ke4 62. Nf6+ Ke5 63. Nd7+ Kf4 64. Nc5 Ra2+ 65. Kf1 Kf3 0-1


[Site "https://www.chess.com"]

[Event "Titled Tuesday Blitz December 06 Late 2022"]
[White "Rian, Kapriaga"]
[Black "Baches Garcia, Guillermo"]
[WhiteFideId "7103263"]
[BlackFideId "2209764"]
[WhiteElo "2267"]
[BlackElo "2463"]
[Result "0-1"]
[Round "03"]
[TimeControl "180+1"]
[Date "2022.12.07"]
[WhiteClock "0:00:12"]
[BlackClock "0:00:59"]

1. d4 Nf6 2. Nf3 e6 3. c4 d5 4. b3 c5 5. e3 Nc6 6. Bd3 cxd4 7. cxd5 Nxd5 8. exd4 Bb4+ 9. Bd2 Bxd2+ 10. Qxd2 Ndb4 11. Be2 Nxd4 12. Nxd4 Qxd4 13. Bb5+ Kf8 14. Qxd4 Nc2+ 15. Kd2 Nxd4 16. Nc3 Nxb5 17. Nxb5 Bd7 18. Nd4 Ke7 19. f4 Rhd8 20. Ke3 Rac8 21. Rac1 Rxc1 22. Rxc1 Rc8 23. Rd1 g6 24. g4 e5 25. fxe5 Bxg4 26. Rg1 Be6 27. h4 a6 28. Rg2 Rc3+ 29. Kf4 Rh3 30. Kg5 h6+ 31. Kxh6 Rxh4+ 32. Kg7 Rxd4 0-1


[Site "https://www.chess.com"]

[Event "Titled Tuesday Blitz December 06 Late 2022"]
[White "Riff, Vincent"]
[Black "Seletsky, Grigory"]
[WhiteFideId "617776"]
[BlackFideId "14112191"]
[WhiteElo "2369"]
[BlackElo "2492"]
[Result "1-0"]
[Round "03"]
[TimeControl "180+1"]
[Date "2022.12.07"]
[WhiteClock "0:00:12"]
[BlackClock "0:00:02"]

1. e4 c5 2. Nf3 d6 3. c3 Qa5 4. Bd3 Nf6 5. O-O Nc6 6. h3 e5 7. Bc2 Be7 8. d4 O-O 9. d5 Nb8 10. Re1 Qc7 11. Nbd2 Nbd7 12. Nf1 a6 13. Ng3 g6 14. a4 b6 15. c4 Ne8 16. Nh2 Ng7 17. Ng4 f6 18. Rf1 g5 19. Nh6+ Kh8 20. Nhf5 Nxf5 21. Nxf5 Nb8 22. a5 b5 23. Ng3 bxc4 24. Qe2 Bd7 25. Bd2 Bd8 26. Bc3 Be8 27. Kh2 Rf7 28. Rh1 Nd7 29. Kg1 Nf8 30. h4 Ng6 31. hxg5 Nf4 32. Qf3 fxg5 33. Ba4 Nh3+ 34. Rxh3 Rxf3 35. gxf3 Bxa4 36. Rxa4 Qd7 37. Nf5 Qxa4 38. Nxd6 Bf6 39. Rh6 Rf8 40. Nf5 Qd1+ 41. Kg2 g4 42. fxg4 Qxg4+ 43. Ng3 Bg7 44. Rh2 Qf3+ 45. Kg1 Kg8 46. Rg2 Kf7 47. Nf5 Bf6 48. Rg3 Qd1+ 49. Kg2 Rd8 50. Rf3 Ke8 51. Ne3 Qd3 52. Rxf6 Qxe4+ 53. Kf1 Rd7 54. Re6+ Re7 55. Rxa6 Rf7 56. Ra8+ Ke7 57. Ra7+ Kf8 58. Rxf7+ Kxf7 59. a6 Qb1+ 60. Kg2 Qa2 61. Ng4 Qxa6 62. Nxe5+ Ke8 63. Ng4 Qd6 64. f3 Kd8 65. Nf6 Qf4 66. Ne4 h5 67. Bf6+ Ke8 68. Bg5 Qe5 69. d6 Qxb2+ 70. Kg3 Qd4 71. Nf6+ Kf7 72. Ne4 c3 73. Bc1 c2 74. Ng5+ Ke8 75. Ne4 Kd7 76. Bg5 c4 77. Bf4 1-0


[Site "https://www.chess.com"]

[Event "Titled Tuesday Blitz December 06 Late 2022"]
[White "Romero Ruscalleda, Josep"]
[Black "Yurasova, Daria"]
[WhiteFideId "2231859"]
[BlackFideId "34146919"]
[WhiteElo "2183"]
[BlackElo "2098"]
[Result "0-1"]
[Round "03"]
[TimeControl "180+1"]
[Date "2022.12.07"]
[WhiteClock "0:00:01"]
[BlackClock "0:00:12"]

1. e4 e5 2. Nf3 Nc6 3. Bc4 Bc5 4. c3 Nf6 5. b4 Be7 6. d3 d6 7. Nbd2 h6 8. Nf1 O-O 9. Ng3 Be6 10. O-O Bxc4 11. dxc4 a5 12. Bd2 axb4 13. cxb4 Qd7 14. Re1 Qe6 15. Qc2 Nd7 16. Nf5 Bf6 17. Rab1 Nb6 18. Rec1 Ra3 19. Rb3 Rfa8 20. Rxa3 Rxa3 21. Be3 Nxb4 22. Qb2 Rxe3 23. Nxe3 Nd3 24. Qc2 Nxc1 25. Qxc1 Qd7 26. Qc2 Qc6 27. Nd2 Bg5 28. Nd5 Nxd5 29. exd5 Qb6 30. Ne4 Qb4 31. g3 Be7 32. Kg2 Qe1 33. h3 h5 34. h4 Qb4 35. Nd2 g6 36. Nf3 Bf6 37. Qe2 Kg7 38. Nd2 Qc3 39. Ne4 Qd4 40. Qf3 Be7 41. Kh2 f5 42. Ng5 Bxg5 43. hxg5 Qxc4 44. Kg2 Qg4 45. Qb3 Qe4+ 46. f3 Qe2+ 47. Kh3 b6 48. Qc3 Qf1+ 49. Kh2 Qf2+ 50. Kh3 Qc5 51. Qb3 b5 52. Kg2 Kf7 53. Kh3 Ke7 54. Qb2 Kd7 55. Qe2 Qxd5 56. Qc2 Qc4 57. Qd2 d5 58. Kg2 d4 59. Qb2 c6 60. Qa3 Qc2+ 61. Kh3 Qc3 62. Qa7+ Kd6 63. Qb8+ Kd5 64. Qd8+ Kc4 65. Qg8+ Kb4 66. Qxg6 d3 67. Qxf5 d2 68. Qb1+ Kc5 69. g6 Qd4 0-1


[Site "https://www.chess.com"]

[Event "Titled Tuesday Blitz December 06 Late 2022"]
[White "Rorrer, Grayson"]
[Black "Keymer, Vincent"]
[WhiteFideId "30944996"]
[BlackFideId "12940690"]
[WhiteElo "2200"]
[BlackElo "2600"]
[Result "0-1"]
[Round "03"]
[TimeControl "180+1"]
[Date "2022.12.06"]
[WhiteClock "0:00:03"]
[BlackClock "0:00:07"]

1. e4 c6 2. d4 d5 3. exd5 cxd5 4. Bd3 Nf6 5. h3 Nc6 6. c3 e5 7. dxe5 Nxe5 8. Nf3 Nxd3+ 9. Qxd3 Bd6 10. O-O O-O 11. Bg5 h6 12. Bxf6 Qxf6 13. Nbd2 Rd8 14. Rfe1 Bf5 15. Qd4 Qxd4 16. Nxd4 Bd7 17. Nf1 Bc5 18. Rad1 Kf8 19. Ne3 Bc6 20. Rd2 Bb6 21. Red1 Rac8 22. Rd3 Ba4 23. R1d2 Bc6 24. Ndc2 d4 25. cxd4 Be4 26. Rc3 Rxc3 27. bxc3 Ba5 28. Nb4 Rc8 29. Nd1 Bd8 30. f3 Bf5 31. Nd5 Be6 32. N5e3 b5 33. Kf2 a6 34. d5 Bd7 35. f4 g6 36. Kf3 Ke7 37. Rd3 Kd6 38. g4 f5 39. Kg3 Bf6 40. Kf3 h5 41. Kg3 hxg4 42. hxg4 Rh8 43. Rd2 Rc8 44. Rd3 a5 45. Kf3 Ra8 46. Rd2 Rc8 47. Rh2 Bxc3 48. Rh6 fxg4+ 49. Nxg4 Bd4 50. Rxg6+ Kxd5 51. Nde3+ Kc5 52. Rg5+ Kb4 53. Rd5 Bc6 54. Ke2 Bxe3 55. Rd3 Bb6 56. a3+ Ka4 57. Ne5 Be4 58. Rd2 Rc2 59. Nd3 Bxd3+ 60. Kxd3 Rxd2+ 61. Kxd2 Kxa3 0-1


[Site "https://www.chess.com"]

[Event "Titled Tuesday Blitz December 06 Late 2022"]
[White "Rose, Felix"]
[Black "Krishnan, Varun"]
[WhiteFideId "5105722"]
[BlackFideId "5054508"]
[WhiteElo "2039"]
[BlackElo "2552"]
[Result "1/2-1/2"]
[Round "03"]
[TimeControl "180+1"]
[Date "2022.12.07"]
[WhiteClock "0:00:35"]
[BlackClock "0:00:06"]

1. e4 e5 2. Nf3 Nc6 3. Bb5 a6 4. Ba4 Nf6 5. O-O Be7 6. Re1 b5 7. Bb3 O-O 8. h3 d6 9. c3 Na5 10. Bc2 c5 11. d4 Qc7 12. Nbd2 cxd4 13. cxd4 Nc6 14. Nb3 a5 15. Be3 a4 16. Nbd2 Ba6 17. Rc1 Qb7 18. Bb1 b4 19. d5 Na5 20. Qxa4 Nc4 21. Qb3 Na5 22. Qd1 Rfc8 23. Rxc8+ Rxc8 24. Qa4 Nc4 25. Nxc4 Bxc4 26. Rc1 Be2 27. Rxc8+ Qxc8 28. Qxb4 Bxf3 29. gxf3 Qxh3 30. a4 Qxf3 31. Bd3 Ng4 32. Bb6 Qd1+ 33. Bf1 h5 34. a5 Qf3 35. Qc3 Qf4 36. Qg3 Qg5 37. f3 Qd2 38. fxg4 h4 39. Qg2 Qb4 40. Be2 Bg5 41. Qf3 Qe1+ 42. Qf1 Qg3+ 43. Qg2 Qe1+ 44. Bf1 Be3+ 45. Bxe3 Qxe3+ 46. Qf2 Qg5 47. a6 Qxg4+ 48. Qg2 Qf4 49. a7 Qe3+ 50. Kh1 Qxa7 51. Qg4 Qe3 52. Qc8+ Kh7 53. Qf5+ Kg8 54. Bh3 Qg3 55. Qf1 Qe3 56. Qg2 Qc1+ 57. Kh2 Qf4+ 58. Kh1 Qc1+ 59. Qg1 Qf4 60. Bf5 Qf3+ 61. Qg2 Qf4 62. Qg4 Qc1+ 63. Kh2 Qxb2+ 64. Kh3 g6 65. Bxg6 Qc3+ 66. Kxh4 fxg6 67. Qxg6+ Kh8 68. Qf6+ Kh7 69. Qe7+ Kg6 70. Qxd6+ Kf7 71. Qd7+ Kf6 72. Qf5+ Kg7 73. Qg5+ Kf7 74. Qf5+ Kg7 75. d6 Qe1+ 76. Kh3 Qh1+ 77. Kg3 Qg1+ 78. Kh4 Qh2+ 79. Kg5 Qg3+ 80. Qg4 Qh2 81. Kf5+ Kf8 82. Ke6 Qa2+ 83. Kxe5 Qb2+ 84. Ke6 Qb3+ 85. Kf5 Qf7+ 86. Kg5 Qg7+ 87. Kf4 Qh6+ 88. Qg5 Qxd6+ 89. Qe5 Qxe5+ 90. Kxe5 Ke7 91. Kf5 Kf7 92. Ke5 Ke7 93. Kd5 Kd7 94. Ke5 Ke7 1/2-1/2


[Site "https://www.chess.com"]

[Event "Titled Tuesday Blitz December 06 Late 2022"]
[White "Rustemov, Alexander"]
[Black "Manukyan, Sargis A."]
[WhiteFideId "4119002"]
[BlackFideId "13303970"]
[WhiteElo "2798"]
[BlackElo "2562"]
[Result "1/2-1/2"]
[Round "03"]
[TimeControl "180+1"]
[Date "2022.12.07"]
[WhiteClock "0:00:11"]
[BlackClock "0:00:10"]

1. d4 Nf6 2. c4 g6 3. Nf3 Bg7 4. g3 O-O 5. Bg2 d5 6. cxd5 Nxd5 7. O-O c5 8. Nc3 cxd4 9. Nxd4 Nxc3 10. bxc3 Qa5 11. Qb3 Nc6 12. Be3 Rd8 13. Bxc6 Bxd4 14. cxd4 bxc6 15. Rfc1 Be6 16. Qc3 Qxc3 17. Rxc3 Bd5 18. f3 Rdb8 19. Kf2 Rb2 20. a4 Rab8 21. Bc1 R2b3 22. Rxb3 Rxb3 23. e4 Be6 24. Ba3 Kf8 25. a5 a6 26. g4 f5 27. gxf5 gxf5 28. Bc5 fxe4 29. fxe4 Rb2+ 30. Kg3 Ra2 31. Rb1 Re2 32. Kf4 Rxh2 33. Rb7 Bc4 34. Rxe7 Kg8 35. e5 Bd5 36. e6 Rf2+ 37. Ke5 Re2+ 38. Kd6 h5 39. Re8+ Kg7 40. e7 Bf7 41. Rb8 h4 42. d5 cxd5 43. Bd4+ Kg6 44. Rh8 Re4 45. Bf2 d4 46. Rxh4 Rxh4 47. Bxh4 d3 48. Be1 Be8 49. Ke6 Bb5 50. Bb4 Be8 51. Ke5 Kf7 52. Kd6 Bb5 53. Kc7 Be8 54. Kb6 Bb5 55. Kc7 Ke8 56. Kd6 d2 57. Bxd2 Bf1 58. Bb4 Bb5 1/2-1/2


[Site "https://www.chess.com"]

[Event "Titled Tuesday Blitz December 06 Late 2022"]
[White "Sadhwani, Raunak"]
[Black "Tanenbaum, Zachary"]
[WhiteFideId "35093487"]
[BlackFideId "2060850"]
[WhiteElo "2657"]
[BlackElo "2175"]
[Result "1-0"]
[Round "03"]
[TimeControl "180+1"]
[Date "2022.12.06"]
[WhiteClock "0:00:24"]
[BlackClock "0:00:01"]

1. e4 e5 2. Nf3 Nc6 3. Bc4 Nf6 4. d3 Be7 5. O-O O-O 6. Nc3 d6 7. a4 Be6 8. a5 a6 9. Bxe6 fxe6 10. Ne2 Qe8 11. Ng3 Nh5 12. Nxh5 Qxh5 13. c3 Rf7 14. Be3 Raf8 15. Nd2 Qg6 16. f3 Bg5 17. Qe2 Qh6 18. Bxg5 Qxg5 19. b4 Ne7 20. Kh1 Ng6 21. g3 h5 22. Rae1 h4 23. Qe3 Qh5 24. Kg2 Rf6 25. Rg1 Kf7 26. d4 Rh8 27. Kf2 Rf8 28. Ke2 Kg8 29. Kd1 exd4 30. cxd4 Qb5 31. Qc3 e5 32. Re3 exd4 33. Qxd4 Ne5 34. f4 Nc6 35. Qc4+ Qxc4 36. Nxc4 Nxb4 37. Kd2 d5 38. Rb1 c5 39. exd5 Nxd5 40. Rd3 Nb4 41. Rd7 R6f7 42. Rd6 Re7 43. Ne5 Rf6 44. Rd8+ Kh7 45. Nf3 hxg3 46. hxg3 Rh6 47. f5 g5 48. Nxg5+ Kg7 49. Ne6+ Kf6 50. g4 Rh2+ 51. Kc3 Ke5 52. Re1+ Kf6 53. Rf8+ Rf7 54. g5+ Ke7 55. f6+ 1-0


[Site "https://www.chess.com"]

[Event "Titled Tuesday Blitz December 06 Late 2022"]
[White "Sailer, Mike"]
[Black "Meunier, Clement"]
[WhiteFideId "2012901"]
[BlackFideId "20667930"]
[WhiteElo "2109"]
[BlackElo "2233"]
[Result "0-1"]
[Round "03"]
[TimeControl "180+1"]
[Date "2022.12.07"]
[WhiteClock "0:00:19"]
[BlackClock "0:00:35"]

1. Nf3 Nf6 2. c4 c5 3. g3 Nc6 4. Bg2 g6 5. O-O Bg7 6. Nc3 O-O 7. d4 cxd4 8. Nxd4 Qb6 9. Nb3 d6 10. Be3 Qb4 11. c5 Rd8 12. cxd6 Rxd6 13. Qc2 Bf5 14. Qc1 Rdd8 15. Bc5 Qc4 16. Rd1 Nd7 17. Bd5 Qa6 18. Bxc6 Qxc6 19. Bxe7 Re8 20. Bg5 Bh3 21. f3 Bxc3 22. Qxc3 Rxe2 23. Qxc6 bxc6 24. Rac1 Rae8 25. Rxc6 Rg2+ 26. Kh1 Ree2 27. Rc7 Rxh2+ 0-1


[Site "https://www.chess.com"]

[Event "Titled Tuesday Blitz December 06 Late 2022"]
[White "Sarana, Alexey"]
[Black "Nazari, Arad"]
[WhiteFideId "24133795"]
[BlackFideId "12577324"]
[WhiteElo "2708"]
[BlackElo "2264"]
[Result "0-1"]
[Round "03"]
[TimeControl "180+1"]
[Date "2022.12.06"]
[WhiteClock "0:00:22"]
[BlackClock "0:00:14"]

1. d4 Nf6 2. c4 g6 3. Nc3 d5 4. cxd5 Nxd5 5. e4 Nxc3 6. bxc3 Bg7 7. Be3 c5 8. Qd2 Qa5 9. Rc1 O-O 10. d5 Rd8 11. c4 Qxd2+ 12. Kxd2 Na6 13. Bd3 b6 14. a3 Bb7 15. Rb1 e6 16. Ne2 Rac8 17. Nc3 Nc7 18. Rhe1 Ba6 19. Bg5 f6 20. Bf4 e5 21. Bg3 Bh6+ 22. Kc2 Ne8 23. a4 Nd6 24. Nb5 Bxb5 25. axb5 Rc7 26. Ra1 Re8 27. Ra4 Ree7 28. Re2 Bf4 29. f3 Bxg3 30. hxg3 Kg7 31. Kd2 Nf7 32. Ke3 Nd6 33. Re1 Nf7 34. Rh1 Nd6 35. Rh2 Re8 36. Ra2 Rd8 37. Ra1 Rh8 38. f4 Re7 39. Kf3 Rf8 40. Rah1 Kg8 41. Re1 Kg7 42. Rh4 Kg8 43. Rh6 Nf7 44. Rh4 Nd6 45. Reh1 f5 46. exf5 e4+ 47. Bxe4 Rxe4 48. fxg6 hxg6 49. Rh8+ Kf7 50. R1h7+ Ke8 51. Rxf8+ Kxf8 52. Rd7 Ne8 53. Kxe4 Nf6+ 54. Ke5 Nxd7+ 55. Kd6 Nf6 56. Kc7 Ke7 57. g4 Ne8+ 58. Kc6 Nd6 59. f5 gxf5 60. gxf5 Nxf5 61. g4 Nd6 62. g5 Nxc4 63. g6 Kf6 64. Kb7 Kxg6 65. Kxa7 Kf6 66. d6 Nxd6 67. Kxb6 c4 68. Kc5 c3 69. Kxd6 c2 70. b6 c1=Q 71. b7 Qf4+ 72. Kd7 Qb8 73. Kc6 Ke6 74. Kb6 Kd6 75. Ka6 Kc5 0-1


[Site "https://www.chess.com"]

[Event "Titled Tuesday Blitz December 06 Late 2022"]
[White "Sattarov, Bobir"]
[Black "Tang, Andrew"]
[WhiteFideId "14203081"]
[BlackFideId "2059630"]
[WhiteElo "2358"]
[BlackElo "2582"]
[Result "0-1"]
[Round "03"]
[TimeControl "180+1"]
[Date "2022.12.06"]
[WhiteClock "0:00:04"]
[BlackClock "0:00:12"]

1. e4 e5 2. Nf3 Nc6 3. Bb5 g6 4. d4 exd4 5. Bg5 Be7 6. Bxe7 Qxe7 7. Bxc6 dxc6 8. Qxd4 Nf6 9. Nc3 Bg4 10. Nd2 c5 11. Qe3 O-O-O 12. f3 Be6 13. O-O-O b6 14. Rhe1 Kb8 15. Qh6 Rhe8 16. Nf1 Rd4 17. Ne2 Rxd1+ 18. Rxd1 Bxa2 19. b3 Qe5 20. Ne3 Qa1+ 21. Kd2 Qb2 22. Nc1 Bb1 23. Nd3 Qa2 24. Qf4 Re6 25. e5 Nd5 26. Nxd5 Bxc2 27. N3b4 cxb4 28. Nxb4 Qxb3 29. Nxc2 Rc6 30. Qe4 Qc3+ 31. Kc1 Kc8 32. Rd4 a5 33. Kd1 Rc5 34. f4 c6 35. Qd3 Qxd3+ 36. Rxd3 b5 37. Nd4 Rc4 38. g3 b4 39. Nb3 a4 40. Na5 Rc5 41. Rd4 Rxa5 42. Rxb4 a3 43. Rb1 a2 44. Ra1 Kd7 45. Kc2 Ke6 46. Kb2 Kd5 47. Rxa2 Rxa2+ 48. Kxa2 Ke4 49. Kb3 Kd3 50. Kb4 Kd4 51. Kb3 h5 52. h3 c5 53. Kc2 c4 54. Kd2 c3+ 55. Kc2 Kc4 56. g4 hxg4 57. hxg4 Kd4 58. f5 gxf5 59. gxf5 Kxe5 60. Kxc3 Kxf5 61. Kd3 Kg4 62. Ke2 Kg3 63. Ke1 f5 64. Ke2 f4 65. Ke1 Kg2 0-1


[Site "https://www.chess.com"]

[Event "Titled Tuesday Blitz December 06 Late 2022"]
[White "Saya, Ethan"]
[Black "Jaferian, Koosha"]
[WhiteFideId "26095181"]
[BlackFideId "12507440"]
[WhiteElo "2178"]
[BlackElo "2127"]
[Result "1/2-1/2"]
[Round "03"]
[TimeControl "180+1"]
[Date "2022.12.07"]
[WhiteClock "0:00:41"]
[BlackClock "0:00:24"]

1. d4 Nf6 2. c4 e6 3. Nc3 Bb4 4. Bd2 O-O 5. Nf3 d5 6. e3 c6 7. Bd3 Nbd7 8. Qe2 b6 9. O-O Bb7 10. e4 Bxc3 11. Bxc3 dxe4 12. Bxe4 Nxe4 13. Qxe4 Nf6 14. Qh4 c5 15. d5 exd5 16. Bxf6 Qxf6 17. Qxf6 gxf6 18. cxd5 Bxd5 19. Nh4 Rfe8 20. b3 Re2 21. Rfe1 Rae8 22. Kf1 Rxe1+ 23. Rxe1 Rxe1+ 24. Kxe1 c4 25. bxc4 Bxc4 26. a3 b5 27. Nf5 Kf8 28. Kd2 Bd5 29. g3 a5 30. Kc3 Bc6 31. Kd4 Ke8 32. Kc5 Kd7 33. Nd4 b4 34. axb4 axb4 35. Kxb4 Be4 36. Kc5 Ke7 37. Ne2 Bf3 38. Nf4 Kf8 39. Kd6 Kg7 40. Ke7 f5 41. Nd3 Be4 42. Ne5 Bd5 43. f4 Ba2 44. Nf3 Bd5 45. Nd4 Be4 46. Nb5 Bd5 47. Nd6 Be6 48. Ne8+ Kg6 49. Nc7 Ba2 50. Nb5 Kh5 51. h3 Bd5 52. Nd4 Bg2 53. Nxf5 Bxh3 54. Ne3 Kg6 55. g4 Bxg4 56. Nxg4 Kf5 57. Nh6+ Kxf4 58. Kxf7 Kg5 59. Kg7 Kf4 60. Kf6 Ke3 61. Ke5 Kd3 62. Kf4 Kd4 63. Nf5+ Kc4 64. Ke4 Kc5 65. Ne3 Kb4 66. Kd4 Ka4 67. Nd5 h5 68. Kc4 h4 69. Nc3+ Ka5 70. Ne4 h3 71. Ng3 h2 72. Nh1 Kb6 73. Kd4 Kc6 74. Ke4 Kd6 75. Ke3 Kd5 76. Kf3 Ke5 77. Kg3 Ke4 78. Kh3 Kf3 79. Kxh2 1/2-1/2


[Site "https://www.chess.com"]

[Event "Titled Tuesday Blitz December 06 Late 2022"]
[White "Shapiro, Daniel"]
[Black "Haszon, David"]
[WhiteFideId "2001780"]
[BlackFideId "733610"]
[WhiteElo "2296"]
[BlackElo "2210"]
[Result "1-0"]
[Round "03"]
[TimeControl "180+1"]
[Date "2022.12.07"]
[WhiteClock "0:00:27"]
[BlackClock "0:00:51"]

1. d4 Nf6 2. c4 c5 3. d5 b5 4. cxb5 a6 5. e3 d6 6. Nc3 axb5 7. Bxb5+ Bd7 8. Bd3 g6 9. h3 Bg7 10. Nf3 O-O 11. O-O Na6 12. Re1 Nb4 13. Bf1 Bc8 14. e4 Nd7 15. Bf4 Ba6 16. e5 Bxf1 17. Kxf1 dxe5 18. Nxe5 Nxe5 19. Bxe5 Bxe5 20. Rxe5 c4 21. Qe2 Qc7 22. g3 Ra7 23. Re4 Rc8 24. Re1 Kf8 25. Qd2 Qc5 26. d6 Qxd6 27. Qh6+ Kg8 28. Rh4 Qf6 29. Qxh7+ Kf8 30. Qh8+ 1-0


[Site "https://www.chess.com"]

[Event "Titled Tuesday Blitz December 06 Late 2022"]
[White "Shohat, Yotam"]
[Black "Perez Leiva, Jerzy Jesus"]
[WhiteFideId "2813955"]
[BlackFideId "3524337"]
[WhiteElo "2216"]
[BlackElo "2289"]
[Result "1-0"]
[Round "03"]
[TimeControl "180+1"]
[Date "2022.12.07"]
[WhiteClock "0:00:12"]
[BlackClock "0:00:09"]

1. e4 c5 2. Nf3 d6 3. d4 cxd4 4. Nxd4 Nf6 5. Nc3 a6 6. Be3 e6 7. f3 Nbd7 8. a4 Be7 9. g4 h6 10. Qd2 Qc7 11. h4 Ne5 12. O-O-O Nfd7 13. Be2 b5 14. axb5 Nc4 15. Bxc4 Qxc4 16. b3 Qc7 17. Nc6 Bf6 18. Bd4 axb5 19. Bxf6 Qxc6 20. Bxg7 Rg8 21. Bxh6 Qc5 22. Nb1 Ra1 23. Qxd6 Qxd6 24. Rxd6 f6 25. Kb2 Ra7 26. Rxe6+ Kf7 27. Rd6 Ne5 28. Rf1 Rh8 29. g5 Bh3 30. Rxf6+ Ke7 31. Rd1 Rc8 32. Nc3 Be6 33. Nd5+ Bxd5 34. Rxd5 Nc6 35. c3 b4 36. c4 Rca8 37. Rxc6 Ra1 38. Kc2 R8a2+ 39. Kd3 Re1 40. Kd4 Ra5 41. Rxa5 Rd1+ 42. Ke5 Rd7 43. Re6+ Kf7 44. Rf6+ Ke7 45. Bf8+ Ke8 46. Ra8+ Rd8 47. Rxd8+ Kxd8 48. Bxb4 Ke8 49. Bc3 Kd7 50. h5 Ke7 51. h6 Ke8 52. Ke6 Kd8 53. Rf7 Ke8 54. h7 Kd8 55. h8=Q# 1-0


[Site "https://www.chess.com"]

[Event "Titled Tuesday Blitz December 06 Late 2022"]
[White "Sivakumar, Shaaketh"]
[Black "Issani, Nameer"]
[WhiteFideId "30940176"]
[BlackFideId "2619130"]
[WhiteElo "2174"]
[BlackElo "2643"]
[Result "0-1"]
[Round "03"]
[TimeControl "180+1"]
[Date "2022.12.07"]
[WhiteClock "0:00:45"]
[BlackClock "0:01:22"]

1. d4 Nf6 2. Nf3 e6 3. Bf4 c5 4. e3 Nc6 5. Nbd2 Be7 6. c3 O-O 7. Bd3 d5 8. Ne5 Bd6 9. h4 Ne7 10. Qf3 Ne8 11. Qh5 f5 12. Qe2 Qc7 13. g4 Nc6 14. Ndf3 fxg4 15. Ng5 Nf6 16. Nxg4 Bxf4 17. Nxf6+ Rxf6 18. Bxh7+ Kf8 19. exf4 cxd4 20. Bd3 Ke7 21. f5 Qe5 22. cxd4 Qxe2+ 23. Bxe2 Rxf5 24. Rd1 Bd7 25. f3 Rf4 26. Kf2 Rxd4 27. Rdg1 Rd2 28. Nh7 Rxb2 29. Rxg7+ Kd6 30. Nf6 Be8 31. Ke3 d4+ 32. Kf2 d3 33. Rd1 Rxe2+ 34. Kg3 Ne5 35. h5 Bc6 36. h6 Re3 37. h7 Rxf3+ 38. Kh2 Rxf6 39. Rg8 Rh6+ 40. Kg3 Re8 0-1


[Site "https://www.chess.com"]

[Event "Titled Tuesday Blitz December 06 Late 2022"]
[White "Sjugirov, Sanan"]
[Black "Erzhanov, Arman"]
[WhiteFideId "4189302"]
[BlackFideId "4138821"]
[WhiteElo "2613"]
[BlackElo "2176"]
[Result "1-0"]
[Round "03"]
[TimeControl "180+1"]
[Date "2022.12.07"]
[WhiteClock "0:00:15"]
[BlackClock "0:00:40"]

1. e4 d6 2. d4 Nf6 3. Bd3 c6 4. Nf3 Nbd7 5. O-O e5 6. c3 Be7 7. Re1 O-O 8. Nbd2 Re8 9. Nf1 Bf8 10. Ng3 g6 11. Bc2 b5 12. a4 Bb7 13. Bb3 Bg7 14. h3 a6 15. Bg5 h6 16. Bd2 Rf8 17. Be3 Qc7 18. Qd2 Kh7 19. Bc2 Nb6 20. Bd3 Nxa4 21. h4 c5 22. d5 c4 23. Bb1 Ng4 24. h5 Nc5 25. Bc2 Bc8 26. Nh2 Nxe3 27. Rxe3 g5 28. Nf5 Bxf5 29. exf5 f6 30. Ng4 Rfb8 31. Ree1 a5 32. Qe2 Nb3 33. Bxb3 cxb3 34. Ne3 b4 35. cxb4 Rxb4 36. Rec1 Qb8 37. Rc6 Bf8 38. Rac1 Rb7 39. Qc4 a4 40. Qc3 Be7 41. Ra1 Bd8 42. Nc4 Be7 43. Na3 Rc7 44. Rc1 Rxc6 45. dxc6 Bd8 46. Qc4 Bc7 47. Qf7+ Kh8 48. Qxf6+ Kg8 49. Qg6+ Kh8 50. Qxh6+ Kg8 51. Qxg5+ Kh8 52. Qh6+ Kg8 53. Qg6+ Kh8 54. Qh6+ Kg8 55. Rc3 Kf7 56. Qe6+ Kf8 57. Rg3 1-0


[Site "https://www.chess.com"]

[Event "Titled Tuesday Blitz December 06 Late 2022"]
[White "Slovineanu"]
[Black "Quizon, Daniel"]
[BlackFideId "5217911"]
[WhiteElo "2291"]
[BlackElo "2385"]
[Result "0-1"]
[Round "03"]
[TimeControl "180+1"]
[Date "2022.12.06"]
[WhiteClock "0:00:10"]
[BlackClock "0:00:41"]

1. d4 Nf6 2. Nf3 g6 3. Nbd2 d5 4. e3 Bg7 5. b4 O-O 6. c4 c6 7. Be2 Re8 8. Bb2 a5 9. b5 cxb5 10. cxb5 Nbd7 11. O-O Nb6 12. a4 Bf5 13. Qb3 Ne4 14. Nxe4 dxe4 15. Nd2 e5 16. Rfd1 exd4 17. exd4 e3 18. fxe3 Qg5 19. Nf3 Qxe3+ 20. Qxe3 Rxe3 21. Bf1 Bc2 22. Rd2 Bxa4 23. d5 Bxb2 24. Rxb2 Rb3 25. Rxb3 Bxb3 26. d6 a4 27. Ne5 Rd8 28. Rc1 Rxd6 29. Rc7 a3 30. Rxb7 a2 31. Ra7 Rd1 0-1


[Site "https://www.chess.com"]

[Event "Titled Tuesday Blitz December 06 Late 2022"]
[White "Souleidis, Georgios"]
[Black "Huber, Benedikt"]
[WhiteFideId "4206827"]
[BlackFideId "12923583"]
[WhiteElo "2401"]
[BlackElo "2199"]
[Result "1-0"]
[Round "03"]
[TimeControl "180+1"]
[Date "2022.12.07"]
[WhiteClock "0:01:43"]
[BlackClock "0:02:14"]

1. e4 e6 2. d4 d5 3. Nc3 Nf6 4. Bg5 Bb4 5. e5 h6 6. Bc1 Ne4 7. Ne2 c5 8. a3 Ba5 9. dxc5 Nxc3 10. Nxc3 Bxc3+ 11. bxc3 Qc7 12. Be3 Nc6 13. f4 b6 14. cxb6 axb6 15. Bd3 O-O 16. O-O Ba6 17. Qe2 Na5 18. Bxa6 1-0


[Site "https://www.chess.com"]

[Event "Titled Tuesday Blitz December 06 Late 2022"]
[White "Spyropoulos, Nikolaos"]
[Black "monkins"]
[WhiteFideId "4298977"]
[WhiteElo "2336"]
[BlackElo "2240"]
[Result "1-0"]
[Round "03"]
[TimeControl "180+1"]
[Date "2022.12.07"]
[WhiteClock "0:00:03"]
[BlackClock "0:00:42"]

1. e4 c6 2. Nf3 d5 3. exd5 cxd5 4. d4 Nc6 5. c3 Bg4 6. Be2 e6 7. h3 Bxf3 8. Bxf3 Bd6 9. Be3 Nge7 10. Nd2 Nf5 11. O-O O-O 12. Bg4 Nxe3 13. fxe3 f5 14. Bf3 Qg5 15. Qe1 Rf6 16. c4 Ne7 17. cxd5 Nxd5 18. Bxd5 exd5 19. Nf3 Qh6 20. Qe2 Re8 21. Qb5 Qxe3+ 22. Kh1 Ref8 23. Rae1 Qf4 24. Qxd5+ Kh8 25. Ne5 Qg3 26. Re2 Bxe5 27. dxe5 Rb6 28. e6 Qd6 29. e7 Re8 30. Qf7 Qd7 31. Rxf5 h6 32. Qxe8+ Qxe8 33. Rf8+ 1-0


[Site "https://www.chess.com"]